 Dungeon Crawl Stone Soup version 0.23.0 (webtiles) character file.

Game seed: 12045639973016057457

202 MalarOregon the Poker (level 5, -1/41 HPs)
             Began as a Merfolk Skald on Feb 16, 2019.
             Slain by Menkaure (13 damage)
             ... on level 4 of the Dungeon.
             The game lasted 00:06:36 (2802 turns).

MalarOregon the Poker (Merfolk Skald)               Turns: 2802, Time: 00:06:37

Health: -1/41      AC:  6    Str: 13    XL:     5   Next: 80%
Magic:  8/8        EV: 10    Int: 12    God:
Gold:   174        SH:  0    Dex: 11    Spells: 3/9 levels left

rFire    . . .     SeeInvis .   b - +0 trident
rCold    . . .     Gourm    .   (no shield)
rNeg     . . .     Faith    .   f - +0 scale mail
rPois    .         Spirit   .   (no helmet)
rElec    .         Reflect  .   (no cloak)
rCorr    .         Harm     .   (no gloves)
MR       .....                  (no boots)
Stlth    ..........             (no amulet)
HPRegen  0.13/turn              (no ring)
MPRegen  0.11/turn              (no ring)

@: no status effects
A: change form in water, swift swim, stealthy swim, clumsy 1, mutation
resistance 1
a: no special abilities


You were on level 4 of the Dungeon.
You were not hungry.

You visited 1 branch of the dungeon, and saw 4 of its levels.

You collected 174 gold pieces.

Inventory:

Hand Weapons
 b - a +0 trident (weapon)
   (You took it off an orc on level 4 of the Dungeon)
Missiles
 i - a throwing net (quivered) {!f}
Armour
 f - a +0 scale mail (worn)
   (You took it off Terence on level 2 of the Dungeon)
Potions
 c - a potion of brilliance {unknown}
 h - a potion of invisibility {unknown}
 l - a potion of haste {@q3}
 r - 2 potions of cancellation
Comestibles
 e - 5 rations {!d}


   Skills:
 + Level 3.1 Fighting
 + Level 4.2 Polearms
 + Level 1.5 Armour
 + Level 3.7 Dodging
 + Level 2.5 Spellcasting
 + Level 1.1 Hexes
 + Level 4.0 Charms
 + Level 1.0 Necromancy


You had 3 spell levels left.
You knew the following spells:

 Your Spells              Type           Power        Failure   Level  Hunger
e - Regeneration          Chrm/Necr      #.........   77%         3    ###....
t - Spectral Weapon       Hex/Chrm       #.......     77%         3    ###....

Your spell library contained the following spells:

 Spells                   Type           Power        Failure   Level  Hunger
 Infusion                 Chrm           ##..         22%         1    #......
 Song of Slaying          Chrm           ##......     34%         2    ###....
 Shroud of Golubria       Chrm/Tloc      #.........   63%         2    ###....


Dungeon Overview and Level Annotations

Branches:
Dungeon (4/15)
 Temple: D:4-7

Altars:
Kikubaaqudgha
The Shining One

Annotations:
D:3 Grinder
D:4 Menkaure


Innate Abilities, Weirdness & Mutations

You revert to your normal form in water You are very nimble and swift while swimming.
You are very stealthy in the water. (Stealth+)
You are clumsy. (Dex -2)
You are somewhat resistant to further mutation.


Message History

You feel a little less mighty now.
You start resting.
Eating one of 5 chunks of flesh.
You eat one of the 5 chunks of flesh.
Some of the chunks of flesh in your inventory have rotted away.
All of the chunks of flesh in your inventory have rotted away.
Things that are here:
a +0 trident; a +0 leather armour
b - a +0 trident Wield which item (- for none, * to show all)? (? for menu, Esc to quit)
b - a +0 trident (weapon)
Drop what? 10/52 slots (_ for help) (? for menu, Esc to quit)
You drop a +0 spear.
There is a stone staircase leading up here.
As you read the scroll of identify {@r1}, it crumbles to dust.
l - a potion of haste
Things that are here:
a +0 spear; a +0 leather armour
Found 14 stones.
A leopard gecko skeleton comes into view.
Found an ancient bone altar of Kikubaaqudgha.
You barely miss the leopard gecko skeleton.
The leopard gecko skeleton bites you but does no damage.
You hit the leopard gecko skeleton.
The leopard gecko skeleton closely misses you.
The leopard gecko skeleton bites you but does no damage.
You hit the leopard gecko skeleton.
You destroy the leopard gecko skeleton!
No target in view!
Menkaure, Prince of Dust comes into view.
Menkaure shouts!
Attack whom?
Aim: Menkaure You reach to attack!
You barely miss Menkaure. You hit Menkaure.
The spell is very dangerous to cast (77% risk of failure)!
Continue anyway?
Okay, then.
You hit Menkaure but do no damage. Menkaure hits you.
You hit Menkaure but do no damage. Menkaure casts a spell at you.
Pain shoots through your body!
You hit Menkaure but do no damage.
Menkaure blazes with dark energy!
Menkaure hits you.
You hit Menkaure but do no damage.
Menkaure points at you and mumbles some strange words.
Pain shoots through your body!
You puncture Menkaure! Menkaure hits you!
* * * LOW HITPOINT WARNING * * *
You hit Menkaure but do no damage. Menkaure hits you!
You die...

## .... ##.
.... ##.. ...
...##.. #
..... .# ...
_.. ##M###.#
##.@.#..#..
#.......... ..
##.......##.
#..
##.........#.
##.
#............
#..
#..#.........
... #..
####.........
..# ...
####....###.
... ##
#........#####
#.. ##


You could see Menkaure.

Vanquished Creatures
  A bullfrog (D:2)
  Terence (D:2)
  A worker ant (D:4)
  3 adders (D:2)
  2 worms (D:2)
  3 leopard geckos
  3 orcs (D:4)
  A ball python (D:2)
  4 bats
  3 giant cockroaches
  3 goblins
  2 hobgoblins
  2 jackals (D:1)
  9 kobolds
  2 quokkas (D:2)
  A frilled lizard (D:1)
  A leopard gecko skeleton (D:4)
  6 rats
48 creatures vanquished.

Vanquished Creatures (others)
  A spectral weapon (D:2)
1 creature vanquished.

Grand Total: 49 creatures vanquished

Notes
Turn   | Place    | Note
-------+----------+-------------------------------------------
     0 | D:1      | MalarOregon the Merfolk Skald began the quest for the Orb.
     0 | D:1      | Reached XP level 1. HP: 16/16 MP: 3/3
   206 | D:1      | Reached XP level 2. HP: 19/22 MP: 5/5
   606 | D:1      | Reached skill level 1 in Armour
   874 | D:2      | Reached XP level 3. HP: 15/28 MP: 6/6
  1111 | D:2      | Noticed Terence
  1206 | D:2      | Learned a level 3 spell: Regeneration
  1259 | D:2      | Learned a level 3 spell: Spectral Weapon
  1337 | D:2      | Found a glowing golden altar of the Shining One.
  1397 | D:2      | Noticed a bullfrog
  1416 | D:2      | Killed a bullfrog
  1416 | D:2      | Reached XP level 4. HP: 18/34 MP: 0/7
  1422 | D:2      | Reached XP level 5. HP: 22/40 MP: 1/8
  1492 | D:2      | HP: 2/40 [Terence/+4 mace of protection (2)]
  1543 | D:2      | Gained mutation: You are clumsy. (Dex -2) [potion of
                  | mutation]
  1543 | D:2      | Gained mutation: You are somewhat resistant to further
                  | mutation. [potion of mutation]
  1573 | D:2      | Killed Terence
  1896 | D:2      | Reached skill level 1 in Hexes
  2336 | D:3      | Noticed Grinder
  2336 | D:3      | Paralysed by Grinder for 7 turns
  2414 | D:4      | Reached skill level 1 in Necromancy
  2434 | D:4      | HP: 2/41 [poisoned by a worker ant]
  2442 | D:4      | HP: 1/41 [poisoned by a worker ant]
  2786 | D:4      | Found an ancient bone altar of Kikubaaqudgha.
  2794 | D:4      | Noticed Menkaure
  2802 | D:4      | Slain by Menkaure

Skill      XL: |  1  2  3  4  5 |
---------------+----------------+-----
Armour         | 1 |  1.5
Dodging        | 3 |  3.7
Polearms       | 4 |  4.2
Fighting       | 3 |  3.1
Hexes          | 1 |  1.1
Charms         | 4 |  4.0
Necromancy     | 1 |  1.0
Spellcasting   | |  2.5

Action                   |  1- 3 |  4- 6 || total
-------------------------+-------+-------++-------
Melee: Spear             |   149 |   133 ||   282
       Trident           |       |    11 ||    11
 Cast: Spectral Weapon   |     1 |     2 ||     3
       Regeneration      |       |     1 ||     1
  Use: Scroll            |     1 |     7 ||     8
       Potion            |       |     7 ||     7
 Stab: Sleeping          |     3 |       ||     3
  Eat: Chunk             |     2 |     5 ||     7
Armor: Leather armour    |    21 |     4 ||    25
       Scale mail        |       |    26 ||    26
       Skin              |       |    20 ||    20
Dodge: Dodged            |    88 |    74 ||   162
